 Dungeon Crawl Stone Soup version 0.23-a0-356-g1757c6e (webtiles) character file.

191 Hilur the Ruffian (level 5, -2/43 HPs)
             Began as a Gnoll Wanderer on Oct 21, 2018.
             Was an Initiate of Ashenzari.
             Slain by a bullfrog (6 damage)
             ... in a sewer.
             The game lasted 00:08:11 (2972 turns).

Hilur the Ruffian (Gnoll Wanderer)                  Turns: 2972, Time: 00:08:11

Health: -2/43      AC:  9    Str: 17    XL:     5   Next: 70%
Magic:  7/7        EV:  8    Int: 12    God:    Ashenzari [......]
Gold:   99         SH:  0    Dex: 15    Spells: 7/7 levels left

rFire    . . .     SeeInvis .   q - +0 spear
rCold    . . .     Gourm    .   (no shield)
rNeg     . . .     Faith    .   n - +0 chain mail
rPois    .         Spirit   .   (no helmet)
rElec    .         Reflect  .   (no cloak)
rCorr    .         Harm     .   (no gloves)
MR       .....                  p - +0 pair of boots
Stlth    ..........             (no amulet)
HPRegen  0.14/turn              (no ring)
MPRegen  0.10/turn              (no ring)

@: very slow
A: distributed training, fangs 1, strong nose
a: Curse Item, Renounce Religion


You were in a sewer.
You worshipped Ashenzari.
Ashenzari was noncommittal.
You were not hungry.

You visited 1 branch of the dungeon, and saw 3 of its levels.
You also visited: Sewer.

You collected 99 gold pieces.

Inventory:

Hand Weapons
 m - a +0 hunting sling
 q - a +0 spear (weapon)
Missiles
 a - 31 arrows
 g - 39 stones (quivered)
Armour
 l - a +0 leather armour
 n - a +0 chain mail (worn)
 p - a +0 pair of boots (worn)
Scrolls
 e - a scroll of fear {unknown}
 h - 2 scrolls of remove curse
 j - 3 scrolls of enchant weapon {unknown}
 k - a scroll of immolation {unknown}
 o - a scroll of enchant armour {unknown}
Potions
 b - a potion of lignification
 c - a potion of curing
 i - a potion of cancellation {unknown}
Comestibles
 f - 2 rations


   Skills:
 + Level 4.8 Fighting
 + Level 3.0 Short Blades
 + Level 1.5 Long Blades
 + Level 1.5 Axes
 + Level 1.5 Maces & Flails
 + Level 1.5 Polearms
 + Level 1.5 Staves
 + Level 1.5 Slings
 + Level 1.5 Bows
 + Level 1.5 Crossbows
 + Level 1.5 Throwing
 + Level 1.5 Armour
 + Level 3.0 Dodging
 + Level 4.4 Stealth
 + Level 4.8 Shields
 + Level 4.8 Unarmed Combat
 + Level 1.5 Spellcasting
 + Level 1.2 Conjurations
 + Level 1.2 Hexes
 + Level 1.2 Charms
 + Level 1.2 Summonings
 + Level 1.2 Necromancy
 + Level 1.2 Translocations
 + Level 1.2 Transmutations
 + Level 1.2 Fire Magic
 + Level 1.2 Ice Magic
 + Level 1.2 Air Magic
 + Level 1.2 Earth Magic
 + Level 1.2 Poison Magic
 + Level 1.7 Invocations
 + Level 1.5 Evocations


You had 7 spell levels left.
You didn't know any spells.
Your spell library was empty.

Dungeon Overview and Level Annotations

Branches:
Dungeon (3/15)

Altars:
Ashenzari


Innate Abilities, Weirdness & Mutations

Your experience applies equally to all skills.
You have very sharp teeth.
Your uncanny sense of smell can sniff out nearby items.


Message History

The bullfrog hits you but does no damage.
The bullfrog hits you but does no damage.
The bullfrog hits you but does no damage.
The ooze hits you but does no damage.
You enter the shallow water.
Moving in this stuff is going to be slow.
The bullfrog hits you.
The bullfrog hits you but does no damage.
The bullfrog hits you.
The bullfrog hits you but does no damage.
The bullfrog snags a nearby small bird with its tongue.
The bullfrog hits you.
The bullfrog hits you but does no damage.
The bullfrog hits you.
* * * LOW HITPOINT WARNING * * *
The bullfrog barely misses you. The bullfrog closely misses you.
The bullfrog hits you.
* * * LOW HITPOINT WARNING * * *
The bullfrog closely misses you. The bullfrog hits you.
You die...

≈†##.≈# ≈..s.≈≈..#≈.≈.≈#
≈≈#≈†## ..≈.≈##..#.≈≈≈≈#
≈.#≈≈# ![? #.≈#.≈#≈.#
≈.#≈≈# $ #≈≈#≈.#≈≈#
≈≈#≈≈# ∆ #≈l##≈#≈≈#
≈.#≈≈# #sS≈#≈#≈≈# ≈≈#≈≈#
#Js∩#≈#≈≈# ≈†#≈≈##
##FFl#≈#≈.# ..##≈≈#
#†@###≈#≈≈# .†≈#≈†##
##†≈#≈≈≈#≈÷# #≈≈#≈.≈##
##≈≈≈#..##.##
#≈≈##≈≈≈#####≈≈≈##†%#≈.#
#≈≈≈#≈≈≈≈≈≈..≈≈.#≈≈≈#.∩#
##≈.##≈≈†≈≈≈.≈≈##≈≈##..#
#≈≈.##.≈.≈..≈##≈≈.#≈.##
#≈.≈≈###≈≈≈###.≈≈≈#.≈#
##≈≈≈.≈#####≈≈≈.≈##∩##


You could see 2 bullfrogs, an ooze, a leopard gecko, 2 giant cockroaches, a ball
python and a frilled lizard.

Vanquished Creatures
  5 adders
  2 river rats
  7 oozes (Sewer)
  A worm (D:3)
  10 leopard geckos
  14 ball pythons
  7 giant cockroaches
  5 goblins
  8 hobgoblins
  3 jackals (D:1)
  2 quokkas (D:2)
  4 bats
  9 frilled lizards
  3 kobolds
  9 rats
89 creatures vanquished.

Notes
Turn   | Place    | Note
-------+----------+-------------------------------------------
     0 | D:1      | Hilur the Gnoll Wanderer began the quest for the Orb.
     0 | D:1      | Hilur set off with: a +2 short sword, a potion of
                  | lignification, a potion of curing, a +0 robe, a +0 dagger,
                  | a ration
     0 | D:1      | Reached XP level 1. HP: 20/20 MP: 1/1
   179 | D:1      | Reached XP level 2. HP: 23/26 MP: 2/2
  1096 | D:2      | Reached XP level 3. HP: 31/31 MP: 3/3
  1156 | D:2      | Reached skill level 1 in Invocations
  1328 | D:2      | Reached skill level 1 in Long Blades
  1328 | D:2      | Reached skill level 1 in Axes
  1328 | D:2      | Reached skill level 1 in Maces & Flails
  1328 | D:2      | Reached skill level 1 in Polearms
  1328 | D:2      | Reached skill level 1 in Staves
  1328 | D:2      | Reached skill level 1 in Slings
  1328 | D:2      | Reached skill level 1 in Bows
  1328 | D:2      | Reached skill level 1 in Crossbows
  1328 | D:2      | Reached skill level 1 in Throwing
  1328 | D:2      | Reached skill level 1 in Armour
  1328 | D:2      | Reached skill level 1 in Spellcasting
  1328 | D:2      | Reached skill level 1 in Evocations
  1346 | D:2      | Reached XP level 4. HP: 21/38 MP: 5/5
  1637 | D:2      | Found a shattered altar of Ashenzari.
  1647 | D:2      | Saw a vision of the Shoals and the Spider Nest.
  1647 | D:2      | Noticed a merfolk
  1647 | D:2      | Noticed a merfolk
  1647 | D:2      | Noticed a merfolk
  1647 | D:2      | Noticed a merfolk
  1647 | D:2      | Noticed a wolf spider
  1647 | D:2      | Noticed a wolf spider
  1648 | D:2      | Noticed a merfolk
  1648 | D:2      | Noticed a wolf spider
  1651 | D:2      | Became a worshipper of Ashenzari the Shackled
  1807 | D:2      | Reached skill level 1 in Conjurations
  1807 | D:2      | Reached skill level 1 in Hexes
  1807 | D:2      | Reached skill level 1 in Charms
  1807 | D:2      | Reached skill level 1 in Summonings
  1807 | D:2      | Reached skill level 1 in Necromancy
  1807 | D:2      | Reached skill level 1 in Translocations
  1807 | D:2      | Reached skill level 1 in Transmutations
  1807 | D:2      | Reached skill level 1 in Fire Magic
  1807 | D:2      | Reached skill level 1 in Ice Magic
  1807 | D:2      | Reached skill level 1 in Air Magic
  1807 | D:2      | Reached skill level 1 in Earth Magic
  1807 | D:2      | Reached skill level 1 in Poison Magic
  2183 | D:3      | Found a glowing drain.
  2188 | Sewer    | Entered a sewer
  2431 | Sewer    | Reached XP level 5. HP: 42/43 MP: 6/6
  2972 | Sewer    | Slain by a bullfrog

Vault maps used:
D:1:      lightli_iron_boxes, minmay_pentomino_o2
D:2:      first_ration, minmay_misc_feat_columns, grunt_ashenzari_visionary
D:3:      bloody_trog, nicolae_ru_great_annihilating_truth,
          portal_sewer_entry_e, chequers_arboretum, minmay_tree_intersection,
          eino_tiny_chamber
Sewer:    sewer_frog_island_02

Skill      XL: |  1  2  3  4  5 |
---------------+----------------+-----
Invocations    | 1 |  1.7
Long Blades    | 1 |  1.5
Axes           | 1 |  1.5
Maces & Flails | 1 |  1.5
Polearms       | 1 |  1.5
Staves         | 1 |  1.5
Slings         | 1 |  1.5
Bows           | 1 |  1.5
Crossbows      | 1 |  1.5
Throwing       | 1 |  1.5
Armour         | 1 |  1.5
Spellcasting   | 1 |  1.5
Evocations     | 1 |  1.5
Conjurations   | 1 |  1.2
Hexes          | 1 |  1.2
Charms         | 1 |  1.2
Summonings     | 1 |  1.2
Necromancy     | 1 |  1.2
Translocations | 1 |  1.2
Transmutations | 1 |  1.2
Fire Magic     | 1 |  1.2
Ice Magic      | 1 |  1.2
Air Magic      | 1 |  1.2
Earth Magic    | 1 |  1.2
Poison Magic   | 1 |  1.2
Short Blades   | 3 |  3.0
Dodging        | 3 |  3.0
Fighting       | |  4.8
Stealth        | |  4.4
Shields        | |  4.8
Unarmed Combat | |  4.8

Action                   |  1- 3 |  4- 6 || total
-------------------------+-------+-------++-------
Melee: Short sword       |    40 |       ||    40
       Bite              |     3 |    28 ||    31
       Spear             |       |   168 ||   168
       Punch             |       |     2 ||     2
 Fire: Hunting sling     |    65 |    68 ||   133
Throw: Stone             |    23 |       ||    23
 Stab: Sleeping          |     1 |       ||     1
  Eat: Chunk             |     1 |     6 ||     7
Armor: Robe              |     3 |       ||     3
       Leather armour    |    12 |       ||    12
       Chain mail        |    16 |    98 ||   114
Dodge: Dodged            |    47 |    80 ||   127

Table legend:
 A = Non-vault XP
 B = Vault XP
 C = Vault XP percentage of total XP
 D = Non-vault monster count
 E = Vault monster count
 F = Vault count percentage of total count
                 A         B        C        D         E       F
            +---------+---------+-------+---------+---------+-------
      Total |     108 |     165 |  60.4 |      43 |      46 |  51.7
            +---------+---------+-------+---------+---------+-------
        D:1 |      26 |       1 |   3.7 |      15 |       1 |   6.2
        D:2 |      79 |      14 |  15.1 |      27 |       1 |   3.6
        D:3 |       3 |      23 |  88.5 |       1 |       6 |  85.7
      Sewer |       0 |     127 | 100.0 |       0 |      38 | 100.0
            +---------+---------+-------+---------+---------+-------
